 Dungeon Crawl Stone Soup version 0.21-a0-621-gc60411f (webtiles) character file.

172 slep the Ducker (level 5, 0/35 HPs)
             Began as a Halfling Gladiator on Dec 24, 2017.
             Slain by Johnnytightlips's ghost (5 damage)
             ... on level 3 of the Dungeon.
             The game lasted 00:06:42 (2124 turns).

slep the Ducker (Halfling Gladiator)                Turns: 2124, Time: 00:06:42

Health: 0/35       AC:  7    Str: 15    XL:     5   Next: 83%
Magic:  5/5        EV: 16    Int:  6    God:
Gold:   196        SH:  0    Dex: 17    Spells: 4/4 levels left

rFire    . . .     SeeInvis .   a - +0 long sword
rCold    . . .     Gourm    .   (shield restricted)
rNeg     + . .     Faith    .   l - +1 ring mail {rN+}
rPois    .         Spirit   .   c - +0 helmet
rElec    .         Reflect  .   (no cloak)
rCorr    .         Harm     .   (no gloves)
MR       .....                  (no boots)
Stlth    +.........             (no amulet)
HPRegen  0.11/turn              (no ring)
MPRegen  0.09/turn              (no ring)

@: no status effects
A: small, mutation resistance 1
a: no special abilities


You were on level 3 of the Dungeon.
You were very hungry.

You visited 1 branch of the dungeon, and saw 3 of its levels.

You collected 196 gold pieces.

Inventory:

Hand Weapons
 a - a +0 long sword (weapon)
Missiles
 d - 3 throwing nets (quivered)
 u - 43 sling bullets
Armour
 b - a +0 leather armour
 c - a +0 helmet (worn)
 l - a +1 ring mail of positive energy (worn)
Scrolls
 e - 4 scrolls of teleportation {unknown}
 g - a scroll of magic mapping {unknown}
 k - 2 scrolls of fear {unknown}
 m - a scroll of immolation {unknown}
 n - a scroll of amnesia {unknown}
 q - a scroll of noise {unknown}
 r - 2 scrolls of blinking {unknown}
 s - a scroll of random uselessness {unknown}
 t - 2 scrolls of identify {unknown}
 w - a scroll of enchant weapon {unknown}
Potions
 h - 2 potions of resistance {unknown}
 i - a potion of heal wounds {unknown}
 j - a potion of mutation {unknown}
 o - a potion of might {unknown}
 p - 2 potions of curing {unknown}
 v - a potion of cancellation {unknown}
Comestibles
 f - 3 rations


   Skills:
 + Level 2.6 Fighting
 + Level 4.4 Long Blades
 + Level 2.0 Throwing
 + Level 1.2 Armour
 + Level 4.7 Dodging


You had 4 spell levels left.
You didn't know any spells.

Dungeon Overview and Level Annotations

Branches:
Dungeon (3/15)

Altars:

Annotations:
D:3 Johnnytightlips's ghost, novice OpBe


Innate Abilities, Weirdness & Mutations

You are small and have problems with some larger weapons.
You are somewhat resistant to further mutation.


Message History

You closely miss Johnnytightlips's ghost.
Johnnytightlips's ghost is heavily damaged.
You barely miss Johnnytightlips's ghost.
Johnnytightlips's ghost is heavily damaged.
Johnnytightlips's ghost misses you.
You slash Johnnytightlips's ghost!
Johnnytightlips's ghost is almost destroyed.
Johnnytightlips's ghost hits you but does no damage.
You hit Johnnytightlips's ghost.
Johnnytightlips's ghost is almost destroyed.
Johnnytightlips's ghost misses you. Johnnytightlips's ghost hits you!
* * * LOW HITPOINT WARNING * * *
You miss Johnnytightlips's ghost.
Johnnytightlips's ghost is almost destroyed.
Johnnytightlips's ghost hits you.
* * * LOW HITPOINT WARNING * * *
You hit Johnnytightlips's ghost.
Johnnytightlips's ghost is almost destroyed.
Johnnytightlips's ghost hits you.
You die...

###......#######...###
####...#....####.........
#....#...........##.###..
#.................#.# ###
####................####.
#..................[..
#.......)........##..#
#................###..
#....@W............).>
#..............#.#####
#######.............##......
#........#####.#######.#####
#.###....# #..# #.....###
####.#...#### #.## #........
#.....รท### #.# #<.....##
#.....## ##.# ##.....##
#.....# #..# ##......#


You could see Johnnytightlips's ghost.

Vanquished Creatures
  Jessica (D:2)
  6 adders
  An ooze (D:2)
  An adder skeleton (D:2)
  A worm (D:2)
  2 dart slugs
  2 leopard geckos
  7 orcs
  4 bats
  2 giant cockroaches (D:2)
  5 goblins
  9 hobgoblins
  11 jackals
  A quokka (D:3)
  5 frilled lizards
  3 kobolds
  6 rats
67 creatures vanquished.

Notes
Turn   | Place    | Note
-------+----------+-------------------------------------------
     0 | D:1      | slep the Halfling Gladiator began the quest for the Orb.
     0 | D:1      | Reached XP level 1. HP: 14/14 MP: 1/1
   103 | D:1      | Reached XP level 2. HP: 17/19 MP: 2/2
   522 | D:2      | Reached XP level 3. HP: 22/24 MP: 3/3
   537 | D:2      | Noticed Jessica
   547 | D:2      | Killed Jessica
   547 | D:2      | Reached XP level 4. HP: 29/29 MP: 4/4
   896 | D:2      | Found a faded altar of an unknown god.
  1317 | D:2      | Reached XP level 5. HP: 21/35 MP: 5/5
  1671 | D:3      | Reached skill level 1 in Armour
  2108 | D:3      | Noticed Johnnytightlips's ghost (novice OpBe)
  2124 | D:3      | Slain by Johnnytightlips's ghost

Vault maps used:
D:1:      saegor_arrival_simple_d, minmay_curled_crystal
D:2:      chequers_ecumenical_altar_island, serial_glass, glass_columns_b,
          glass_columns_c, first_ration, uniq_jessica
D:3:      portal_sewer_entry_e

Skill      XL: |  1  2  3  4  5 |
---------------+----------------+-----
Dodging        | 4 |  4.7
Fighting       | 2 |  2.6
Long Blades    | 4 |  4.4
Armour         | 1 |  1.2
Throwing       | |  2.0

Action                   |  1- 3 |  4- 6 || total
-------------------------+-------+-------++-------
Melee: Long sword        |    49 |   175 ||   224
  Eat: Chunk             |       |     3 ||     3
Armor: Leather armour    |     5 |       ||     5
       Ring mail         |    12 |    68 ||    80
Dodge: Dodged            |    47 |   227 ||   274
       Rpst.: Long sword |    15 |    66 ||    81

Table legend:
 A = Spawn XP
 B = Non-spawn XP
 C = Spawn XP percentage of total XP
 D = Spawn monster count
 E = Non-spawn monster count
 F = Spawn count percentage of total count
 G = Total turns spent on level
                    A         B        C        D         E        F      G
               +---------+---------+-------+---------+---------+-------+---------
         Total |       0 |     247 |   0.0 |       0 |      67 |   0.0 |  2124
               +---------+---------+-------+---------+---------+-------+---------
           D:1 |       0 |      12 |   0.0 |       0 |       7 |   0.0 |   427
           D:2 |       0 |     156 |   0.0 |       0 |      39 |   0.0 |  1163
           D:3 |       0 |      79 |   0.0 |       0 |      21 |   0.0 |   534
               +---------+---------+-------+---------+---------+-------+---------
